 Dungeon Crawl Stone Soup version 0.29.1-2-gbd0b4ee654 (webtiles) character file.

Game seed: 1480540055309470427

2 H0rd4k the Charlatan (level 1, -1/13 HPs)
             Began as an Octopode Artificer on Nov 4, 2022.
             Frozen to death by an endoplasm (5 damage)
             ... on level 1 of the Dungeon.
             The game lasted 00:00:11 (47 turns).

H0rd4k the Charlatan (Octopode Artificer)             Turns: 47, Time: 00:00:12

Health: -1/13      AC:  1    Str: 11    XL:     1   Next: 30%
Magic:  1/1        EV: 13    Int: 13    God:
Gold:   0          SH:  0    Dex: 12    Spells: 0/0 levels left

rFire   . . .      SeeInvis .   (no weapon)
rCold   . . .      Faith    .   (no shield)
rNeg    . . .      Spirit   .   (helmet restricted)
rPois   .          Reflect  .   (no amulet)
rElec   .          Harm     .   (no ring)
rCorr   .          Rampage  .   (no ring)
Will    .....                   (no ring)
Stlth   +++.......              (no ring)
HPRegen 0.04/turn               (no ring)
MPRegen 0.07/turn               (no ring)
                                (no ring)
                                (no ring)

@: no status effects
A: almost no armour, amphibious, 8 rings, camouflage 1, gelatinous body 1,
(nimble swimmer 1), tentacles
a: no special abilities


You were on level 1 of the Dungeon.
You visited 1 branch of the dungeon, and saw 1 of its levels.

Inventory:

Wands
 b - a wand of flame (15) (quivered)
 c - a wand of charming (15)
 d - a wand of iceblast (5)
Potions
 a - a potion of flight {unknown}


   Skills:
 + Level 1.0 Fighting
 + Level 2.5 Dodging
 - Level 1.3 Stealth
 + Level 3.2 Evocations


You couldn't memorise any spells.
You didn't know any spells.
Your spell library was empty.

Dungeon Overview and Level Annotations

Branches:
Dungeon (1/15)

Altars:


Innate Abilities, Weirdness & Mutations

You cannot wear most types of armour.
You are amphibious.
You can wear up to eight rings at the same time.
Your skin changes colour to match your surroundings (Stealth+).
Your rubbery body absorbs attacks. (AC +1, EV +1)
((You are camouflaged when in or above water. (Stealth+)))
You have tentacles for arms and can constrict up to eight enemies at once.


Message History

A giant cockroach comes into view.
A giant cockroach is nearby!
A giant cockroach is nearby!
A giant cockroach is nearby!
The helpless giant cockroach fails to defend itself.
You tentacle-slap the giant cockroach. You grab the giant cockroach.
You squeeze the giant cockroach.
You kill the giant cockroach!
No target in view!
No target in view!
No target in view!
An endoplasm comes into view.
The endoplasm quivers.
A kobold comes into view. It is wielding a +0 short sword.
There are monsters nearby!
Found a book of Dreams.
Found an escape hatch in the floor.
There are monsters nearby!
The helpless kobold fails to defend itself.
You tentacle-slap the kobold but do no damage.
Your grab misses the kobold. Your squeeze misses the kobold.
The kobold misses you.
You tentacle-slap the endoplasm. You squeeze the endoplasm.
The endoplasm is heavily wounded.
The endoplasm misses you.
The kobold hits you with a +0 short sword.
You barely miss the endoplasm.
The endoplasm is heavily wounded.
The kobold hits you with a +0 short sword.
The endoplasm jiggles.
The endoplasm hits you.
You tentacle-slap the kobold.
You kill the kobold!
You tentacle-slap the endoplasm but do no damage.
The endoplasm is heavily wounded.
The endoplasm completely misses you.
You tentacle-slap the endoplasm.
The endoplasm is almost dead.
The endoplasm freezes you.
You are frozen.
You die...

#.....## #.##...##
##.##....# # ##..##....#
###### #..###....#
~#.~.###.## #...##
~.##~.##.## #....#
.....P##..# #....#
...P~P....###...@########
.....~.....##...#J......>
.~.P..P....##..##........
.~.PP.......#.# #.......:
..P.........#. .........
~.~.....##.... #........
.~......# #...# #........
.......## ##.## #........
.....### #........


You could see an endoplasm.

Vanquished Creatures
  A giant cockroach (D:1)
  A kobold (D:1)
2 creatures vanquished.

Notes
Turn   | Place    | Note
-------+----------+-------------------------------------------
     0 | D:1      | H0rd4k the Octopode Artificer began the quest for the Orb.
     0 | D:1      | Reached XP level 1. HP: 13/13 MP: 1/1
    47 | D:1      | Frozen to death by an endoplasm

Illustrated notes

Levels and vault maps discovered:
D:1:      lemuel_arrival_muddy, layout_rooms,
          hellmonk_ecumenical_altar_watching_god, minmay_tetromino_l2

Action                   || total
-------------------------++-------
Melee: Unarmed           ||     7
       Tentacles         ||     2
       Constrict         ||     1
 Stab: Sleeping          ||     2
Dodge: Dodged            ||     3
